| TOP OF THE 1ST |
|
Cleveland (APP) Indians batting - Pitching for Elizabethton Twins : RHP Olegário Salsinha
|
|
Pitching: RHP Olegário Salsinha
|
|
|
Batting: RHB Justin Teague
|
0-0: Ball 1-0: Ball 2-0: Called Strike 2-1: Reached on error, E6 (Groundball, 6, EV 85.6 MPH)
|
|
Batting: LHB Mesfin Azagba
|
0-0: Foul Ball, location: 2F 0-1: Swinging Strike 0-2: Ball 1-2: DOUBLE (Line Drive, 89M, EV 102.5 MPH) Justin Teague to third
|
|
Batting: LHB Shane Montalvo
|
0-0: Swinging Strike 0-1: Ball 1-1: Ball 2-1: SINGLE (Line Drive, 6D, EV 101.9 MPH) Justin Teague scores Mesfin Azagba to third Runner from 3rd tries for Home, throw by CF and OUT! 8-2
|
|
Batting: RHB Andy Lewis
|
0-0: Ball 1-0: Ball 2-0: Ball 3-0: Called Strike 3-1: Called Strike 3-2: Hit by Pitch Shane Montalvo to second
|
|
Batting: RHB Patrick Pinault
|
0-0: Called Strike 0-1: Ball 1-1: Foul Ball, location: 2F 1-2: Strikes out looking
|
|
Batting: LHB Sergei Stefanov
|
0-0: Ground out 4-3 (Groundball, 4, EV 85.0 MPH)
|
| Top of the 1st over - 1 run, 2 hits, 1 error, 2 left on base; Cleveland (APP) 1 - Elizabethton 0 |
| BOTTOM OF THE 1ST |
|
Elizabethton Twins batting - Pitching for Cleveland (APP) Indians : RHP Tom Frost
|
|
Pitching: RHP Tom Frost
|
|
|
Batting: RHB Nestor Moreno
|
0-0: Called Strike 0-1: Foul Ball, location: 2F 0-2: Ball 1-2: Strikes out swinging
|
|
Batting: RHB Ryan Starks
|
0-0: Ball 1-0: Ball 2-0: Called Strike 2-1: Ball 3-1: Foul Ball, location: 2F 3-2: Foul Ball, location: 2F 3-2: DOUBLE (Flyball, 8LXD, EV 108.1 MPH)
|
|
Batting: RHB Josh Harmon
|
0-0: 2-RUN HOME RUN (Flyball, 7D, EV 97.5 MPH), Distance : 364 ft
|
|
Batting: LHB David Ramos
|
0-0: Ball 1-0: Ball 2-0: DOUBLE (Line Drive, 89D, EV 103.1 MPH)
|
|
Batting: RHB Ratko Macura
|
0-0: Ball 1-0: Foul Ball, location: 2F 1-1: Ball 2-1: Foul Ball, location: 2F 2-2: Ball 3-2: Strikes out swinging
|
|
Batting: LHB Bill Lorimer
|
0-0: Ball 1-0: Called Strike 1-1: Called Strike 1-2: Ball 2-2: Strikes out swinging
|
| Bottom of the 1st over - 2 runs, 3 hits, 0 errors, 1 left on base; Cleveland (APP) 1 - Elizabethton 2 |
| TOP OF THE 2ND |
|
Cleveland (APP) Indians batting - Pitching for Elizabethton Twins : RHP Olegário Salsinha
|
|
Batting: RHB Jose Rodriguez
|
0-0: Ball 1-0: Ball 2-0: Ball 3-0: Base on Balls
|
|
Batting: RHB Andrew Telles
|
0-0: Ball Jose Rodriguez steals 2nd base 1-0: Called Strike 1-1: Fly out, F7 (Flyball, 7LM, EV 87.5 MPH)
|
|
Batting: LHB Mario Garza
|
0-0: Ball 1-0: Foul Ball, location: 2F 1-1: Ball 2-1: Called Strike 2-2: SINGLE (Line Drive, 7LS, EV 103.1 MPH) Jose Rodriguez to third Runner from 3rd tries for Home, throw by LF and OUT! 7-2 Mario Garza to second
|
|
Batting: RHB Justin Teague
|
0-0: 2-RUN HOME RUN (Flyball, 9D, EV 95.6 MPH), Distance : 362 ft
|
|
Batting: LHB Mesfin Azagba
|
0-0: Called Strike 0-1: Ball 1-1: Ball 2-1: Fly out, F8 (Flyball, 8RXD, EV 100.6 MPH)
|
| Top of the 2nd over - 2 runs, 2 hits, 0 errors, 0 left on base; Cleveland (APP) 3 - Elizabethton 2 |
| BOTTOM OF THE 2ND |
|
Elizabethton Twins batting - Pitching for Cleveland (APP) Indians : RHP Tom Frost
|
|
Batting: RHB Jorge Corte
|
0-0: Ball 1-0: Ball 2-0: Ball 3-0: Called Strike 3-1: Swinging Strike 3-2: SOLO HOME RUN (Flyball, 7LD, EV 91.9 MPH), Distance : 347 ft
|
|
Batting: SHB Ed Mosqueda
|
0-0: Ball 1-0: Foul Ball, location: 2F 1-1: Ball 2-1: Swinging Strike 2-2: Ball 3-2: Strikes out swinging
|
|
Batting: LHB Joey Zamora
|
0-0: Ball 1-0: Foul Ball, location: 2F 1-1: Called Strike 1-2: Foul Ball, location: 2F 1-2: Foul Ball, location: 2F 1-2: Strikes out swinging
|
|
Batting: RHB Nestor Moreno
|
0-0: Reached via error on a dropped throw from 1B, E1 (Groundball, 13, EV 78.8 MPH)
|
|
Batting: RHB Ryan Starks
|
0-0: Ball 1-0: Fly out, F8 (Flyball, 8LS, EV 84.4 MPH)
|
| Bottom of the 2nd over - 1 run, 1 hit, 1 error, 1 left on base; Cleveland (APP) 3 - Elizabethton 3 |
| TOP OF THE 3RD |
|
Cleveland (APP) Indians batting - Pitching for Elizabethton Twins : RHP Olegário Salsinha
|
|
Batting: LHB Shane Montalvo
|
0-0: Called Strike 0-1: Swinging Strike 0-2: Foul Ball, location: 2F 0-2: Strikes out swinging
|
|
Batting: RHB Andy Lewis
|
0-0: Ball 1-0: Ball 2-0: SOLO HOME RUN (Flyball, 7D, EV 101.2 MPH), Distance : 376 ft
|
|
Batting: RHB Patrick Pinault
|
0-0: Ball 1-0: SINGLE (Groundball, P, EV 89.4 MPH) (infield hit)
|
|
Batting: LHB Sergei Stefanov
|
0-0: Ball Patrick Pinault steals 2nd base (no throw) 1-0: Ball 2-0: Swinging Strike 2-1: Ball 3-1: Base on Balls
|
|
Batting: RHB Jose Rodriguez
|
0-0: Ball 1-0: Ball 2-0: 3-RUN HOME RUN (Line Drive, 9LD, EV 93.1 MPH), Distance : 349 ft
|
|
Pitching: RHP Takeshi Kusanagi
|
|
|
Batting: RHB Andrew Telles
|
0-0: Ball 1-0: SINGLE (Groundball, 6MD, EV 98.1 MPH)
|
|
Batting: LHB Mario Garza
|
0-0: Swinging Strike 0-1: Ball 1-1: Called Strike 1-2: Ball Wild Pitch! Andrew Telles to second 2-2: Foul Ball, location: 2F 2-2: Foul Ball, location: 2F 2-2: Strikes out looking
|
|
Batting: RHB Justin Teague
|
0-0: Ball 1-0: Called Strike 1-1: Foul Ball, location: 2F 1-2: Strikes out looking
|
| Top of the 3rd over - 4 runs, 4 hits, 0 errors, 1 left on base; Cleveland (APP) 7 - Elizabethton 3 |
| BOTTOM OF THE 3RD |
|
Elizabethton Twins batting - Pitching for Cleveland (APP) Indians : RHP Tom Frost
|
|
Batting: RHB Josh Harmon
|
0-0: SOLO HOME RUN (Flyball, 8RXD, EV 106.2 MPH), Distance : 449 ft
|
|
Batting: LHB David Ramos
|
0-0: Foul Ball, location: 2F 0-1: Reached on error, E3 (Groundball, 3, EV 78.8 MPH)
|
|
Batting: RHB Ratko Macura
|
0-0: Ball David Ramos steals 2nd base 1-0: Ball 2-0: Ball Wild Pitch! David Ramos to third 3-0: Base on Balls
|
|
Batting: LHB Bill Lorimer
|
0-0: Ball 1-0: Foul Ball, location: 2F 1-1: Foul Ball, location: 2F 1-2: Strikes out swinging
|
|
Batting: RHB Jorge Corte
|
0-0: Ball Wild Pitch! David Ramos scores Ratko Macura to second 1-0: Called Strike 1-1: Foul Ball, location: 2F 1-2: Ball 2-2: Strikes out swinging
|
|
Batting: SHB Ed Mosqueda
|
0-0: Called Strike 0-1: Ball 1-1: Ground out 4-3 (Groundball, 34, EV 104.4 MPH)
|
| Bottom of the 3rd over - 2 runs, 1 hit, 1 error, 1 left on base; Cleveland (APP) 7 - Elizabethton 5 |
| TOP OF THE 4TH |
|
Cleveland (APP) Indians batting - Pitching for Elizabethton Twins : RHP Takeshi Kusanagi
|
|
Batting: LHB Mesfin Azagba
|
0-0: SINGLE (Line Drive, 7LS, EV 111.2 MPH)
|
|
Batting: LHB Shane Montalvo
|
0-0: Ball 1-0: Called Strike 1-1: Called Strike 1-2: Grounds into double play, 4-6-3 (Groundball, 4, EV 84.4 MPH)
|
|
Batting: RHB Andy Lewis
|
0-0: Foul Ball, location: 2F 0-1: Ball 1-1: Ball 2-1: Swinging Strike 2-2: Foul Ball, location: 2F 2-2: Foul Ball, location: 2F 2-2: Ball 3-2: Foul Ball, location: 2F 3-2: Base on Balls
|
|
Pitching: LHP Choji Tominaga
|
|
|
Batting: RHB Patrick Pinault
|
0-0: Ball 1-0: Ball 2-0: Called Strike 2-1: Ball 3-1: Base on Balls Andy Lewis to second
|
|
Batting: LHB Sergei Stefanov
|
0-0: 3-RUN HOME RUN (Flyball, 7LD, EV 95.6 MPH), Distance : 354 ft
|
|
Batting: RHB Jose Rodriguez
|
0-0: Ball 1-0: Ball 2-0: Swinging Strike 2-1: Called Strike 2-2: Ball 3-2: Ground out 4-3 (Groundball, 4, EV 81.2 MPH)
|
| Top of the 4th over - 3 runs, 2 hits, 0 errors, 0 left on base; Cleveland (APP) 10 - Elizabethton 5 |
| BOTTOM OF THE 4TH |
|
Elizabethton Twins batting - Pitching for Cleveland (APP) Indians : RHP Tom Frost
|
|
Batting: LHB Joey Zamora
|
0-0: Called Strike 0-1: Ball 1-1: Called Strike 1-2: Strikes out swinging
|
|
Batting: RHB Nestor Moreno
|
0-0: Called Strike 0-1: Fly out, F7 (Flyball, 78D, EV 83.8 MPH)
|
|
Batting: RHB Ryan Starks
|
0-0: Called Strike 0-1: Ball 1-1: Foul Ball, location: 2F 1-2: Foul Ball, location: 2F 1-2: Foul Ball, location: 2F 1-2: Ball 2-2: Foul Ball, location: 2F 2-2: Foul Ball, location: 2F 2-2: Ball 3-2: Foul Ball, location: 2F 3-2: Ground out 4-3 (Groundball, 4, EV 81.9 MPH)
|
| Bottom of the 4th over - 0 runs, 0 hits, 0 errors, 0 left on base; Cleveland (APP) 10 - Elizabethton 5 |
| TOP OF THE 5TH |
|
Cleveland (APP) Indians batting - Pitching for Elizabethton Twins : LHP Choji Tominaga
|
|
Batting: RHB Andrew Telles
|
0-0: Ball 1-0: Called Strike 1-1: Called Strike 1-2: Ball 2-2: Ball 3-2: Foul Ball, location: 2F 3-2: Foul Ball, location: 2F 3-2: Base on Balls
|
|
Batting: LHB Mario Garza
|
0-0: Ball 1-0: Called Strike 1-1: Foul Ball, location: 2F 1-2: Ball 2-2: Strikes out looking
|
|
Batting: RHB Justin Teague
|
0-0: Foul Ball, location: 2F 0-1: Ball Wild Pitch! Andrew Telles to second 1-1: Foul Ball, location: 2F 1-2: Foul Ball, location: 2F 1-2: Fly out, F4 (Popup, 4, EV 60.6 MPH)
|
|
Batting: LHB Mesfin Azagba
|
0-0: Ball 1-0: Ball 2-0: Called Strike 2-1: 2-RUN HOME RUN (Flyball, 8LXD, EV 108.8 MPH), Distance : 454 ft
|
|
Pitching: RHP Ron Didkowsky
|
|
|
Batting: LHB Shane Montalvo
|
0-0: Ball 1-0: Ball 2-0: Ball 3-0: Called Strike 3-1: Foul Ball, location: 2F 3-2: Base on Balls
|
|
Batting: RHB Andy Lewis
|
0-0: Ball 1-0: Called Strike 1-1: Ball 2-1: Ball 3-1: SINGLE (Groundball, 56D, EV 106.2 MPH) Shane Montalvo to second
|
|
Batting: RHB Patrick Pinault
|
0-0: Ball 1-0: Ball 2-0: Ball 3-0: Called Strike 3-1: Base on Balls Shane Montalvo to third Andy Lewis to second
|
|
Batting: LHB Sergei Stefanov
|
0-0: Foul Ball, location: 2F 0-1: Fly out, F8 (Flyball, 89M, EV 95.0 MPH)
|
| Top of the 5th over - 2 runs, 2 hits, 0 errors, 3 left on base; Cleveland (APP) 12 - Elizabethton 5 |
| BOTTOM OF THE 5TH |
|
Elizabethton Twins batting - Pitching for Cleveland (APP) Indians : RHP Tom Frost
|
|
Batting: RHB Josh Harmon
|
0-0: Ball 1-0: Foul Ball, location: 2F 1-1: Ball 2-1: Ball 3-1: Foul Ball, location: 2F 3-2: Foul Ball, location: 2F 3-2: Fly out, F7 (Flyball, 7LS, EV 88.8 MPH)
|
|
Batting: LHB David Ramos
|
0-0: Ground out 4-3 (Groundball, 34D, EV 84.4 MPH)
|
|
Batting: RHB Ratko Macura
|
0-0: Ground out 5-3 (Groundball, 5, EV 109.4 MPH)
|
| Bottom of the 5th over - 0 runs, 0 hits, 0 errors, 0 left on base; Cleveland (APP) 12 - Elizabethton 5 |
| TOP OF THE 6TH |
|
Cleveland (APP) Indians batting - Pitching for Elizabethton Twins : RHP Ron Didkowsky
|
|
Batting: RHB Jose Rodriguez
|
0-0: Ball 1-0: Ball 2-0: Foul Ball, location: 2F 2-1: Ball 3-1: Ground out 4-3 (Groundball, 4, EV 106.2 MPH)
|
|
Batting: RHB Andrew Telles
|
0-0: Ground out 4-3 (Groundball, 4, EV 99.4 MPH)
|
|
Batting: LHB Mario Garza
|
0-0: Called Strike 0-1: Called Strike 0-2: Ball 1-2: Strikes out swinging
|
| Top of the 6th over - 0 runs, 0 hits, 0 errors, 0 left on base; Cleveland (APP) 12 - Elizabethton 5 |
| BOTTOM OF THE 6TH |
|
Elizabethton Twins batting - Pitching for Cleveland (APP) Indians : RHP Tom Frost
|
|
Batting: LHB Bill Lorimer
|
0-0: Ball 1-0: Called Strike 1-1: SINGLE (Groundball, 6D, EV 93.8 MPH)
|
|
Batting: RHB Jorge Corte
|
0-0: Called Strike 0-1: Swinging Strike 0-2: Foul Ball, location: 2F 0-2: Foul Ball, location: 2F 0-2: Strikes out swinging
|
|
Batting: SHB Ed Mosqueda
|
0-0: Swinging Strike 0-1: Fly out, F8 (Line Drive, 8LD, EV 96.2 MPH)
|
|
Pitching: LHP Jordan Jimenez
|
|
|
Batting: LHB Joey Zamora
|
0-0: Swinging Strike 0-1: Called Strike 0-2: Ball 1-2: Strikes out swinging
|
| Bottom of the 6th over - 0 runs, 1 hit, 0 errors, 1 left on base; Cleveland (APP) 12 - Elizabethton 5 |
| TOP OF THE 7TH |
|
Cleveland (APP) Indians batting - Pitching for Elizabethton Twins : RHP Ron Didkowsky
|
|
Batting: RHB Justin Teague
|
0-0: Foul Ball, location: 2F 0-1: Foul Ball, location: 2F 0-2: Ball 1-2: Foul Ball, location: 2F 1-2: Fly out, F8 (Flyball, 8LXD, EV 100.6 MPH)
|
|
Pitching: LHP Adam Devine
|
|
|
Batting: LHB Mesfin Azagba
|
0-0: Foul Ball, location: 2F 0-1: Ball 1-1: Foul Ball, location: 2F 1-2: Ground out 4-3 (Groundball, 4, EV 94.4 MPH)
|
|
Batting: LHB Shane Montalvo
|
0-0: Foul Ball, location: 2F 0-1: Fly out, F7 (Flyball, 78M, EV 84.4 MPH)
|
| Top of the 7th over - 0 runs, 0 hits, 0 errors, 0 left on base; Cleveland (APP) 12 - Elizabethton 5 |
| BOTTOM OF THE 7TH |
|
Elizabethton Twins batting - Pitching for Cleveland (APP) Indians : LHP Jordan Jimenez
|
|
Now at 3B: Luke Burnham
|
|
|
Batting: RHB Nestor Moreno
|
0-0: Called Strike 0-1: Swinging Strike 0-2: Strikes out looking
|
|
Batting: RHB Ryan Starks
|
0-0: Called Strike 0-1: Ball 1-1: Ball 2-1: Foul Ball, location: 2F 2-2: Ball 3-2: Strikes out swinging
|
|
Batting: RHB Josh Harmon
|
0-0: Called Strike 0-1: Foul Ball, location: 2F 0-2: Foul Ball, location: 2F 0-2: Ball 1-2: Ball 2-2: Strikes out swinging
|
| Bottom of the 7th over - 0 runs, 0 hits, 0 errors, 0 left on base; Cleveland (APP) 12 - Elizabethton 5 |
| TOP OF THE 8TH |
|
Cleveland (APP) Indians batting - Pitching for Elizabethton Twins : LHP Adam Devine
|
|
Batting: RHB Andy Lewis
|
0-0: SINGLE (Groundball, 34S, EV 83.8 MPH) (infield hit)
|
|
Batting: RHB Patrick Pinault
|
0-0: Called Strike 0-1: Ball 1-1: Ball 2-1: Foul Ball, location: 2F 2-2: Ball 3-2: Grounds into double play, 5-4-3 (Groundball, 56D, EV 94.4 MPH)
|
|
Batting: LHB Sergei Stefanov
|
0-0: Foul Ball, location: 2F 0-1: Ball 1-1: DOUBLE (Flyball, 8LXD, EV 108.8 MPH)
|
|
Batting: RHB Jose Rodriguez
|
0-0: Ball 1-0: Ball 2-0: Ground out 6-3 (Groundball, P, EV 85.0 MPH)
|
| Top of the 8th over - 0 runs, 2 hits, 0 errors, 1 left on base; Cleveland (APP) 12 - Elizabethton 5 |
| BOTTOM OF THE 8TH |
|
Elizabethton Twins batting - Pitching for Cleveland (APP) Indians : LHP Jordan Jimenez
|
|
Batting: LHB David Ramos
|
0-0: Called Strike 0-1: Foul Ball, location: 2F 0-2: Ball 1-2: Ball 2-2: Foul Ball, location: 2F 2-2: Foul Ball, location: 2F 2-2: Ground out 5-3 (Groundball, 5, EV 90.6 MPH)
|
|
Batting: RHB Ratko Macura
|
0-0: Ball 1-0: Ball 2-0: Fly out, F8 (Flyball, 8LM, EV 85.6 MPH)
|
|
Batting: LHB Bill Lorimer
|
0-0: Ball 1-0: Ball 2-0: Called Strike 2-1: SINGLE (Groundball, 34D, EV 110.6 MPH)
|
|
Batting: RHB Jorge Corte
|
0-0: Called Strike 0-1: Foul Ball, location: 2F 0-2: Ball 1-2: Ball 2-2: Foul Ball, location: 2F 2-2: Ball 3-2: Ground out 3-1 (Groundball, 34, EV 107.5 MPH)
|
| Bottom of the 8th over - 0 runs, 1 hit, 0 errors, 1 left on base; Cleveland (APP) 12 - Elizabethton 5 |
| TOP OF THE 9TH |
|
Cleveland (APP) Indians batting - Pitching for Elizabethton Twins : LHP Adam Devine
|
|
Batting: RHB Andrew Telles
|
0-0: Ball 1-0: Fly out, F8 (Flyball, 8RD, EV 96.2 MPH)
|
|
Batting: LHB Mario Garza
|
0-0: Swinging Strike 0-1: Ball 1-1: Called Strike 1-2: Strikes out swinging
|
|
Pitching: RHP Miguel Montelongo
|
|
|
Batting: RHB Justin Teague
|
0-0: Called Strike 0-1: Ball 1-1: Ball 2-1: Foul Ball, location: 2F 2-2: Ground out 4-3 (Groundball, 4, EV 84.4 MPH)
|
| Top of the 9th over - 0 runs, 0 hits, 0 errors, 0 left on base; Cleveland (APP) 12 - Elizabethton 5 |
| BOTTOM OF THE 9TH |
|
Elizabethton Twins batting - Pitching for Cleveland (APP) Indians : LHP Jordan Jimenez
|
|
Batting: SHB Ed Mosqueda
|
0-0: Called Strike 0-1: Swinging Strike 0-2: Ball 1-2: Ball 2-2: Strikes out swinging
|
|
Batting: LHB Joey Zamora
|
0-0: Ball 1-0: Ball 2-0: Ball 3-0: Called Strike 3-1: Foul Ball, location: 2F 3-2: Base on Balls
|
|
Pitching: LHP Su-wu Pi
|
|
|
Batting: RHB Nestor Moreno
|
0-0: Fielders Choice at 2nd, 6-4 (Groundball, 6, EV 79.4 MPH)
|
|
Batting: RHB Ryan Starks
|
0-0: Ball 1-0: Swinging Strike 1-1: Called Strike 1-2: Foul Ball, location: 2F 1-2: Foul Ball, location: 2F 1-2: 2-RUN HOME RUN (Line Drive, 78XD, EV 103.8 MPH), Distance : 418 ft
|
|
Batting: RHB Josh Harmon
|
0-0: Swinging Strike 0-1: Ball 1-1: Swinging Strike 1-2: Foul Ball, location: 2F 1-2: Strikes out looking
|
| Bottom of the 9th over - 2 runs, 1 hit, 0 errors, 0 left on base; Cleveland (APP) 12 - Elizabethton 7 |
|